General information
- name: BNet
- type: Ladder team game (AT/RT)
- host: Battle.net
- saver: noooooobs
map: CentaurGrove
- players: 4
- length: 11:40
- speed: Fast
- version: 1.24 W3XP
- replay type: Public
» download(73 KB)
Players
team 1 (loser)
Mr[Knister] (
orange | 72 APM | 828 actions | 11:33)
3 Blademaster
2 Wind Walk
1 Critical Strike
1 Shadow Hunter
1 Hex
» actions
| Assign group hotkey | 4 | |
| Build / train | 48 | |
| Enter build submenu | 10 | |
| Enter hero's abilities submenu | 4 | |
| Give item / drop item | 4 | |
| Remove unit from queue | 1 | |
| Right click | 503 | |
| Select / deselect | 202 | |
| Use ability | 52 | |
828 total
» units
| Peon | 11 | |
| Grunt | 8 | |
| Spirit Walker | 1 | |
| Raider | 1 | |
| Troll Witch Doctor | 1 | |
22 total
» upgrades
| Berserker Strength | 1 | |
| Spirit Walker Training | 1 | |
| Ensnare | 1 | |
3 total
» buildings
| Altar of Storms | 1 | |
| Orc Burrow | 4 | |
| Barracks | 1 | |
| Voodoo Lounge | 1 | |
| Stronghold | 1 | |
| War Mill | 1 | |
| Spirit Lodge | 1 | |
| Beastiary | 1 | |
11 total
» build order
00:05 Altar of Storms
00:16 Orc Burrow
00:54 Barracks
01:25 Orc Burrow
01:50 Voodoo Lounge
03:20 Stronghold
04:09 War Mill
07:21 Spirit Lodge
07:43 Beastiary
08:42 Orc Burrow
10:21 Orc Burrow
» items
| Circlet of Nobility | 2 | |
| Healing Salve | 3 | |
| Lesser Clarity Potion | 4 | |
| Boots of Speed | 2 | |
| Periapt of Vitality | 1 | |
12 total
Spiele (
pink | 82 APM | 953 actions | 11:39)
3 Death Knight
2 Death Coil
1 Unholy Aura
1 Lich
1 Frost Nova
» actions
| Assign group hotkey | 8 | |
| Build / train | 39 | |
| Enter build submenu | 13 | |
| Enter hero's abilities submenu | 4 | |
| Give item / drop item | 2 | |
| Remove unit from queue | 2 | |
| Right click | 456 | |
| Select / deselect | 290 | |
| Select group hotkey | 93 | |
| Use ability | 46 | |
953 total
» units
| Acolyte | 2 | |
| Ghoul | 6 | |
| Crypt Fiend | 7 | |
| Obsidian Statue | 1 | |
16 total
» upgrades
| Cannibalize | 0 | |
| Creature Attack | 1 | |
| Creature Carapace | 1 | |
| Burrow | 1 | |
| Web | 1 | |
| Destroyer Form | 1 | |
5 total
» buildings
| Graveyard | 1 | |
| Crypt | 1 | |
| Ziggurat | 4 | |
| Altar of Darkness | 1 | |
| Nerubian Tower | 1 | |
| Tomb of Relics | 1 | |
| Halls of the Dead | 3 | |
| Black Citadel | 2 | |
| Slaughterhouse | 1 | |
15 total
» build order
00:14 Graveyard
00:17 Crypt
00:29 Ziggurat
00:47 Altar of Darkness
01:32 Nerubian Tower
01:50 Tomb of Relics
02:22 Ziggurat
05:15 Ziggurat
05:56 Halls of the Dead
05:57 Halls of the Dead
06:25 Ziggurat
08:24 Black Citadel
08:24 Black Citadel
08:52 Slaughterhouse
» items
| Rod of Necromancy | 1 | |
| Dust of Appearance | 1 | |
| Scroll of Town Portal | 1 | |
3 total
team 2 (winner)
noooooobs (
red | 117 APM | 1369 actions | 11:40)
3 Blademaster
2 Wind Walk
1 Critical Strike
2 Shadow Hunter
1 Hex
1 Healing Wave
» actions
| Assign group hotkey | 36 | |
| Basic commands | 20 | |
| Build / train | 38 | |
| Enter build submenu | 10 | |
| Enter hero's abilities submenu | 5 | |
| Give item / drop item | 2 | |
| Right click | 521 | |
| Select / deselect | 442 | |
| Select group hotkey | 227 | |
| Use ability | 68 | |
1369 total
» units
| Peon | 8 | |
| Grunt | 5 | |
| Raider | 2 | |
| Spirit Walker | 2 | |
17 total
» upgrades
| Ensnare | 1 | |
| Spirit Walker Training | 1 | |
2 total
» buildings
| Altar of Storms | 1 | |
| Orc Burrow | 4 | |
| Voodoo Lounge | 1 | |
| Barracks | 1 | |
| Stronghold | 1 | |
| Beastiary | 1 | |
| Spirit Lodge | 1 | |
| War Mill | 1 | |
11 total
» build order
00:06 Altar of Storms
00:19 Orc Burrow
00:49 Voodoo Lounge
01:32 Barracks
02:14 Orc Burrow
03:37 Stronghold
05:21 Orc Burrow
06:00 Beastiary
06:01 Spirit Lodge
07:32 Orc Burrow
09:43 War Mill
» items
| Healing Salve | 2 | |
| Lesser Clarity Potion | 2 | |
| Dust of Appearance | 1 | |
| Boots of Speed | 3 | |
| Scroll of Healing | 1 | |
| Potion of Lesser Invulnerability | 1 | |
10 total
XAPALOPITEK (
purple | 146 APM | 1699 actions | 11:39)
4 Death Knight
2 Death Coil
1 Unholy Aura
1 Death Pact
2 Lich
1 Frost Nova
1 Dark Ritual
2 Naga Sea Witch
1 Frost Arrows
1 Forked Lightning
» actions
| Assign group hotkey | 58 | |
| Basic commands | 147 | |
| Build / train | 80 | |
| ESC pressed | 2 | |
| Enter build submenu | 11 | |
| Enter hero's abilities submenu | 8 | |
| Give item / drop item | 2 | |
| Right click | 729 | |
| Select / deselect | 188 | |
| Select group hotkey | 399 | |
| Use ability | 75 | |
1699 total
» units
| Acolyte | 2 | |
| Ghoul | 3 | |
| Crypt Fiend | 20 | |
| Obsidian Statue | 3 | |
28 total
» upgrades
| Burrow | 1 | |
| Destroyer Form | 1 | |
| Web | 1 | |
3 total
» buildings
| Crypt | 1 | |
| Graveyard | 1 | |
| Altar of Darkness | 1 | |
| Ziggurat | 5 | |
| Tomb of Relics | 1 | |
| Nerubian Tower | 4 | |
| Halls of the Dead | 3 | |
| Black Citadel | 5 | |
| Slaughterhouse | 1 | |
22 total
» build order
00:06 Crypt
00:10 Graveyard
00:33 Altar of Darkness
00:47 Ziggurat
01:15 Tomb of Relics
01:50 Ziggurat
02:30 Nerubian Tower
02:30 Nerubian Tower
02:30 Nerubian Tower
03:43 Halls of the Dead
03:44 Halls of the Dead
04:22 Ziggurat
06:06 Black Citadel
06:06 Black Citadel
06:07 Black Citadel
06:57 Slaughterhouse
07:22 Ziggurat
10:17 Ziggurat
» items
| Rod of Necromancy | 4 | |
| Dust of Appearance | 4 | |
| Orb of Corruption | 5 | |
13 total
Chat log
(01:24 / Allies) XAPALOPITEK: u like ?
(01:29 / Allies) noooooobs: watcher
(01:38 / Allies) noooooobs: good to have
(02:26 / Allies) noooooobs: he here
(02:56 / Allies) noooooobs: omfg
(02:56 / Allies) XAPALOPITEK: )
(02:57 / Allies) noooooobs: xD
(03:04 / Allies) noooooobs: sry
(03:13 / Allies) XAPALOPITEK: np
(03:17 / Allies) noooooobs: hope he didnt see
(03:25 / Allies) noooooobs: dint
(03:26 / Allies) noooooobs: go
(03:53 / Allies) noooooobs: nice
(04:39 / Allies) noooooobs: o
(05:07 / Allies) noooooobs: 'b
(05:09 / Allies) XAPALOPITEK: ghuls
(05:58 / Allies) XAPALOPITEK: ьбупф дгслукы
(06:01 / Allies) XAPALOPITEK: mega luckers
(06:55 / Allies) XAPALOPITEK: kill bm
(07:52 / Allies) noooooobs: kk
(08:00 / Allies) XAPALOPITEK: miss sclick
(10:14 / Allies) noooooobs: he got 2 buy 2 tp
(11:08 / Allies) XAPALOPITEK: dk